 Dungeon Sprint DCSS version 0.30-a0-883-g5ad918d77d (webtiles) character file.

Game seed: 2713025581627965050

136 sircluck the Covered (level 5, -5/36 HPs)
             Began as a Gargoyle Fighter on Mar 15, 2023.
             Slain by a fire elemental (9 damage)
             ... summoned by a deep elf pyromancer
             ... in the Dungeon (Sprint III: "The Ten Rune Challenge").
             The game lasted 00:01:50 (262 turns).

sircluck the Covered (Gargoyle Fighter)              Turns: 262, Time: 00:01:51

Health: -5/36      AC: 13    Str: 21    XL:     5   Next: 19%
Magic:  5/5        EV:  9    Int:  9    God:
Gold:   5          SH:  5    Dex:  9    Spells: 4/4 levels left

rFire   . . .      SeeInvis .    a - +0 flail
rCold   . . .      Faith    .    c - +0 buckler
rNeg    + . .      Spirit   .    b - +0 scale mail
rPois   ∞          Reflect  .    (no helmet)
rElec   +          Rampage  .    e - +0 cloak {rCorr}
rCorr   +          NoTele   +    (no gloves)
Will    .....                    (no boots) Stlth
                                 (no amulet)
HPRegen 0.26/turn                (no ring)
MPRegen 0.09/turn                (no ring)

@: very slow
A: sickness immunity, AC +4, negative energy resistance 1, electricity
resistance, torment resistance 1, petrification resistance
a: no special abilities


You were in the Dungeon.
You visited 1 branch You collected 5 gold pieces.

Inventory:

Hand Weapons
 a - a +0 flail (weapon)
 d - a +4 quarterstaff of chaos
Armour
 b - a +0 scale mail (worn)
 c - a +0 buckler (worn)
 e - a +0 cloak of preservation (worn)
Scrolls
 j - a scroll of blinking
 k - a scroll of enchant armour {unknown}
Potions
 g - a potion of haste
 h - 2 potions of magic


   Skills:
 + Level 6.3 Fighting
 + Level 5.2 Maces & Flails
 + Level 6.5 Armour
 + Level 6.1 Shields


You had 4 spell levels left.
You didn't know any spells.
Your spell library was empty.

Dungeon Overview and Level Annotations

Branches:
Dungeon (1/1)

Altars:
Elyvilon
Zin
The Shining One


Innate Abilities, Weirdness & Mutations

You are immune to sickness and miasma.
Your stone body is resilient. (AC +4)
You are immune to poison.
You resist negative energy. (rN+)
You are resistant to electric shocks. (rElec)
You are resistant to unholy torment.
You are immune to petrification.


Message History

You have reached level 5!
There is an open door to the Ecumenical Temple here.
You feel a strong urge to attack something.
There is a fountain of clear blue water here.
You feel your anger nearly subside.
You are no longer berserk.
You are exhausted.
You feel yourself slow down.
There is a fountain of clear blue water here.
There is an open door to the Ecumenical Temple here.
You start waiting.
You feel yourself speed up.
You start waiting.
You recover from your berserk rage.
There is an open door to the Ecumenical Temple here.
As you open the door, it creaks loudly!
You hear a shout!
Found three altars.
A deep elf pyromancer comes into view.
It is wielding a +2 long sword of holy wrath.
There is a fountain of clear blue water here.
The deep elf pyromancer casts a spell.
There is an open door to the Ecumenical Temple here.
The deep elf pyromancer is engulfed in blazing flames.
The fire elemental hits you. The fire elemental burns you!
You enter the shallow water.
Moving in this stuff is going to be slow.
The fire elemental hits you. The fire elemental burns you!
The fire elemental hits you. The fire elemental burns you!
You feel much better. The fire elemental hits you.
The fire elemental burns you! The fire elemental hits you.
The fire elemental burns you! The fire elemental hits you.
The fire elemental burns you!
* * * LOW HITPOINT WARNING * * *
You hit the fire elemental but do no damage.
The fire elemental hits you. The fire elemental burns you!
* * * LOW HITPOINT WARNING * * *
The fire elemental barely misses you.
You hit the fire elemental.
The fire elemental is lightly damaged.
The fire elemental barely misses you. The fire elemental hits you.
The fire elemental burns you!
You die...

▓▓▓▓ ▓▓▓ ▓<.# +.... ♣.#####
▓..# #..... ♣.#___#
▓#'####....♣♣ ♣♣.# ..#
▓..†..#....~♣ ♣♣..###'#+###+
▓.....#...~~♣♣♣°..#.........
▓.....#..~~~~..♣♣○○.⌠E°.....
▓####'#..~≈≈E°~♣..#☼..######
▓...).#.~~≈@E°....#.⌠.#
▓.....#.~≈~~e.....#...#
▓.....#.~~~÷......#+###
▓'#####...........#
▓.................#
▓▓▓▓▓▓▓▓▓▓▓▓▓▓▓▓▓▓▓


You could see a deep elf pyromancer and 2 fire elementals.

Vanquished Creatures
  A water elemental (D)
  Crazy Yiuf (D)
  Jessica (D)
  A human (D)
  An endoplasm (D)
  2 rats (D)
7 creatures vanquished.

Notes
Turn   | Place    | Note
-------+----------+-------------------------------------------
     0 | D        | sircluck the Gargoyle Fighter began the quest for the Orb.
     0 | D        | Reached XP level 1. HP: 14/14 MP: 1/1
    10 | D        | Noticed Jessica
    17 | D        | Killed Jessica
    18 | D        | Reached XP level 2. HP: 20/20 MP: 2/2
    18 | D        | Reached XP level 3. HP: 24/24 MP: 3/3
    53 | D        | Reached skill level 5 in Fighting
    53 | D        | Reached skill level 5 in Armour
    53 | D        | Reached skill level 5 in Shields
   112 | D        | Noticed Crazy Yiuf
   127 | D        | Killed Crazy Yiuf
   128 | D        | Reached XP level 4. HP: 14/31 MP: 4/4
   200 | D        | Noticed a water elemental
   205 | D        | Killed a water elemental
   206 | D        | Reached skill level 5 in Maces & Flails
   206 | D        | Reached XP level 5. HP: 36/36 MP: 5/5
   248 | D        | Found a glowing silver altar of Zin.
   248 | D        | Found a glowing golden altar of the Shining One.
   248 | D        | Found a white marble altar of Elyvilon.
   250 | D        | Noticed a deep elf pyromancer
   253 | D        | Noticed a fire elemental
   253 | D        | Noticed a fire elemental
   262 | D        | Slain by a fire elemental

Illustrated notes

Levels and vault maps discovered:
D:        dungeon_sprint_mu [sprint_mu_entry_forest, sprint_mu_temple_rooms,
          sprint_mu_d1_spiders, sprint_mu_d2_genie, sprint_mu_d3_branching,
          sprint_mu_orc_legion, sprint_mu_elf_gauntlet, sprint_mu_hive_nellie,
          sprint_mu_lair_fedhas, sprint_mu_vaults_butterflies,
          sprint_mu_slime_circle, sprint_mu_swamp_cave, sprint_mu_snake_twists,
          sprint_mu_blade_basic, sprint_mu_crypt_fortress,
          sprint_mu_tomb_spiral, sprint_mu_vestibule_basic,
          sprint_mu_gehenna_hellfire, sprint_mu_dis_giant,
          sprint_mu_tartarus_statrot, sprint_mu_cocytus_islands, sprint_mu_zot1]

Skill      XL: |  1  2  3  4 |
---------------+-------------+-----
Fighting       | 4 5 6 |  6.3
Maces & Flails | 3 4 5 |  5.2
Armour         | 4 5 6 |  6.5
Shields        | 4 5 6 |  6.1

Action                     |  1- 3 |  4- 6 || total
---------------------------+-------+-------++-------
  Melee: Flail             |    32 |     6 ||    38
    Use: Potion            |     2 |     2 ||     4
 Armour: Scale mail        |     9 |     8 ||    17
  Dodge: Dodged            |    12 |     4 ||    16
  Block: Buckler           |     5 |       ||     5

Table legend: (Time is in decaauts)
 A = Elapsed time spent in this place.
 B = Non-inter-level travel time spent in this place.
 C = Inter-level travel time spent in this place.
 D = Time resting spent in this place.
 E = Time spent auto-exploring this place.
 F = Levels seen in this place.
 G = Mean time per level.
                   A        B        C        D        E       F      G
               +--------+--------+--------+--------+--------+-----+--------+
         Total |    284 |    284 |      0 |     28 |    149 |   1 |  284.0 |
       Dungeon |    284 |    284 |      0 |     28 |    149 |   1 |  284.0 |
               +--------+--------+--------+--------+--------+-----+--------+

Top non-repeatable levels by time:
       D: 284 daAuts
